 Dungeon Crawl Stone Soup version 0.23-a0-139-ga22e90c (webtiles) character file.

160 CanOfBees the Caller (level 5, 0/50 HPs)
             Began as an Ogre Summoner on Aug 30, 2018.
             Slain by Grinder (3 damage)
             ... on level 3 of the Dungeon on Aug 31, 2018.
             The game lasted 00:08:53 (3500 turns).

CanOfBees the Caller (Ogre Summoner)                Turns: 3500, Time: 00:08:53

Health: 0/50       AC:  3    Str: 12    XL:     5   Next: 41%
Magic:  10/10      EV: 10    Int: 17    God:
Gold:   219        SH:  0    Dex:  9    Spells: 4/10 levels left

rFire    . . .     SeeInvis .   e - +2 hunting sling (freeze)
rCold    . . .     Gourm    .   (no shield)
rNeg     . . .     Faith    .   o - +0 robe (curse)
rPois    .         Spirit   .   (helmet restricted)
rElec    .         Reflect  .   (no cloak)
rCorr    .         Harm     .   (gloves unavailable)
MR       +....                  (boots unavailable)
Stlth    +.........             (no amulet)
HPRegen  0.16/turn              b - ring of protection from magic
MPRegen  0.12/turn              v - ring of wizardry

@: very slightly contaminated, invisible
A: large, unfitting armour, tough skin 1
a: no special abilities


You were on level 3 of the Dungeon.
You were not hungry.

You visited 1 branch of the dungeon, and saw 3 of its levels.

You collected 219 gold pieces.

Inventory:

Hand Weapons
 e - a +2 hunting sling of freezing (weapon)
Missiles
 f - 8 tomahawks of dispersal
 g - 30 stones (quivered)
 n - 60 arrows
 r - 25 poisoned needles
Armour
 m - a +0 shield
 o - a cursed +0 robe (worn)
Jewellery
 b - a ring of protection from magic (left hand)
 i - an uncursed ring of stealth
 v - a ring of wizardry (right hand)
Wands
 w - a wand of random effects (39)
Scrolls
 d - 4 scrolls of teleportation {unknown}
 j - a scroll of identify {unknown}
 k - a scroll of magic mapping {unknown}
 l - a scroll of remove curse {unknown}
Potions
 a - a potion of degeneration {unknown}
 h - 2 potions of brilliance {unknown}
 q - a potion of curing {unknown}
 s - 2 potions of invisibility
 t - a potion of haste {unknown}
 u - a potion of cancellation {unknown}
Comestibles
 c - 3 rations
 x - 6 chunks of flesh


   Skills:
 + Level 2.6 Fighting
 - Level 1.1 Throwing
 - Level 1.7 Dodging
 - Level 1.4 Stealth
 + Level 1.2 Shields
 + Level 3.4 Spellcasting
 * Level 4.6 Summonings


You had 4 spell levels left.
You knew the following spells:

 Your Spells              Type           Power        Failure   Level  Hunger
a - Summon Small Mammal   Summ           ###.         1%          1    None
b - Call Imp              Summ           ###.....     1%          2    ##.....
c - Call Canine Familiar  Summ           ###.....     3%          3    ###....

Your spell library contained the following spells:

 Spells                   Type           Power        Failure   Level  Hunger
 Summon Guardian Golem    Hex/Summ       ##......     8%          3    ###....
 Summon Ice Beast         Ice/Summ       ##......     26%         4    ####...
 Summon Lightning Spire   Summ/Air       ##......     26%         4    ####...


Dungeon Overview and Level Annotations

Branches:
Dungeon (3/15)

Altars:
Sif Muna

Annotations:
D:3 3 runed doors, Grinder; aubilenon's ghost, amateur GnSk; tatocazan's ghost, amateur MiFi


Innate Abilities, Weirdness & Mutations

You are too large for most types of armour.
You have tough skin. (AC +1)


Message History

Grinder is moderately wounded.
You feel sick.
You are no longer poisoned.
Grinder hits you!
You writhe in agony.
Firing (i - inventory. (/) - cycle)
g - 32 stones (quivered)
Press: ? - help, Shift-Dir - straight line, f/p - Grinder
Aim: Grinder (moderately wounded)
You shoot a stone. The stone hits Grinder.
Grinder is heavily wounded.
Grinder hits you!
* * * LOW HITPOINT WARNING * * *
You writhe in agony.
* * * LOW HITPOINT WARNING * * *
Firing (i - inventory. (/) - cycle)
g - 31 stones (quivered)
Press: ? - help, Shift-Dir - straight line, f/p - Grinder
Aim: Grinder (heavily wounded)
You shoot a stone. The stone hits Grinder.
Grinder is heavily wounded.
Grinder hits you.
You die...

#.............######≈...≈≈..≈..≈≈
#.............# #≈≈..≈..≈..≈..≈
#...........).#####≈≈..≈..≈⌠.≈...
'.............'...#≈≈...≈)⌠≈..≈..
#.............###.#≈≈≈..≈..≈..≈..
#.............# #.##≈≈≈..≈..≈≈...
#.............# #..##.≈..≈.......
#.............####'##..≈≈........
#.....#####.P...@5((#............
..........PP..P.(...............[
..######.P.P.....................
.. ....♣PPP.###########....# ..
..P ♣PP.P.# #######....# . ♣
♣♣P♣♣(# #.....#....# ♣♣ ..#
#.....#....# 5.## #.....#....#
(.# #.....#....


You could see Grinder.

Vanquished Creatures
  Terence (D:3)
  4 adders
  2 oozes (D:1)
  4 dart slugs
  3 orcs (D:3)
  2 giant cockroaches
  6 goblins
  9 hobgoblins
  3 kobolds
  A ball python (D:2)
  4 bats
  5 frilled lizards
  5 rats
49 creatures vanquished.

Vanquished Creatures (collateral kills)
  Jessica (D:2)
  An adder (D:2)
  A leopard gecko (D:3)
  An orc (D:3)
  2 giant cockroaches
  2 goblins (D:1)
  2 hobgoblins (D:1)
  3 bats (D:1)
13 creatures vanquished.

Vanquished Creatures (others)
  A withered plant (D:3)
1 creature vanquished.

Grand Total: 63 creatures vanquished

Notes
Turn   | Place    | Note
-------+----------+-------------------------------------------
     0 | D:1      | CanOfBees the Ogre Summoner began the quest for the Orb.
     0 | D:1      | Reached XP level 1. HP: 16/16 MP: 3/3
   406 | D:1      | Reached XP level 2. HP: 4/26 MP: 1/5
   435 | D:1      | Reached skill level 1 in Fighting
   883 | D:1      | Reached skill level 4 in Summonings
   939 | D:1      | Reached XP level 3. HP: 33/33 MP: 7/7
  1482 | D:2      | Reached XP level 4. HP: 10/42 MP: 2/8
  1766 | D:2      | Noticed Jessica
  1770 | D:2      | Killed Jessica
  1770 | D:2      | Reached skill level 1 in Throwing
  2510 | D:2      | Found a deep blue altar of Sif Muna.
  2704 | D:3      | Noticed Terence
  2714 | D:3      | Killed Terence
  2714 | D:3      | Reached skill level 1 in Shields
  2714 | D:3      | Reached XP level 5. HP: 50/50 MP: 8/10
  2845 | D:3      | Noticed Grinder
  2897 | D:2      | Learned a level 2 spell: Call Imp
  2901 | D:2      | Learned a level 3 spell: Call Canine Familiar
  3199 | D:3      | Found a runed gate.
  3199 | D:3      | Found a runed gate.
  3199 | D:3      | Found a runed gate.
  3200 | D:3      | Noticed aubilenon's ghost (amateur GnSk)
  3201 | D:3      | Noticed tatocazan's ghost (amateur MiFi)
  3500 | D:3      | Slain by Grinder

Vault maps used:
D:1:      evilmike_arrival_crescent, minmay_box_of_dots
D:2:      minivault_23, lemuel_blue_sif_altar, uniq_jessica
D:3:      cheibrodos_helix_gallery, gammafunk_ghost_cemetery, first_ration,
          serial_forest, infiniplex_forest_end_1, infiniplex_forest_straight_4,
          infiniplex_forest_lined_room_3, infiniplex_forest_clump_cross,
          infiniplex_forest_clump_tiny, infiniplex_forest_lined_1,
          infiniplex_forest_straight_4, infiniplex_forest_split, uniq_grinder,
          uniq_terence

Skill      XL: |  1  2  3  4 |
---------------+-------------+-----
Fighting       | 1 2 |  2.6
Summonings     | 4 |  4.6
Spellcasting   | 3 |  3.4
Throwing       | 1 |  1.1
Shields        | 1 |  1.2
Dodging        | |  1.7
Stealth        | |  1.4

Action                   |  1- 3 |  4- 6 || total
-------------------------+-------+-------++-------
Melee: Unarmed           |     9 |       ||     9
       Club              |     8 |       ||     8
 Fire: Hunting sling     |    52 |    79 ||   131
 Cast: Summon Small Mamm |    25 |     7 ||    32
       Call Imp          |       |     4 ||     4
       Call Canine Famil |       |     1 ||     1
  Use: Potion            |     1 |     1 ||     2
  Eat: Chunk             |     2 |     6 ||     8
Armor: Robe              |    24 |     4 ||    28
Dodge: Dodged            |    44 |    11 ||    55

Table legend:
 A = Non-vault XP
 B = Vault XP
 C = Vault XP percentage of total XP
 D = Non-vault monster count
 E = Vault monster count
 F = Vault count percentage of total count
                 A         B        C        D         E       F
            +---------+---------+-------+---------+---------+-------
      Total |     155 |      74 |  32.3 |      53 |       9 |  14.5
            +---------+---------+-------+---------+---------+-------
        D:1 |      44 |      10 |  18.5 |      22 |       4 |  15.4
        D:2 |      57 |      21 |  26.9 |      16 |       2 |  11.1
        D:3 |      54 |      43 |  44.3 |      15 |       3 |  16.7
            +---------+---------+-------+---------+---------+-------
